 Dungeon Crawl Stone Soup version 0.23-a0-164-g7711e572f3 (webtiles) character file.

488 PikkenKukken the Cutter (level 6, -2/73 HPs)
             Began as a Demonspawn Fighter on Sept 10, 2018.
             Slain by an orc
             ... wielding a +0 club
              (3 damage)
             ... on level 5 of the Dungeon.
             The game lasted 00:06:48 (3436 turns).

PikkenKukken the Cutter (Demonspawn Fighter)        Turns: 3436, Time: 00:06:49

Health: -2/73      AC: 23    Str: 18    XL:     6   Next: 90%
Magic:  6/6        EV:  2    Int: 11    God:
Gold:   177        SH: 10    Dex: 15    Spells: 5/5 levels left

rFire    . . .     SeeInvis .   a - +1 rapier
rCold    . . .     Gourm    .   c - +1 shield
rNeg     + + +     Faith    .   (armour currently unavailable)
rPois    +         Spirit   .   (helmet currently unavailable)
rElec    .         Reflect  .   (cloak currently unavailable)
rCorr    .         Harm     .   (gloves currently unavailable)
MR       .....     NoTele   +   (boots currently unavailable)
Stlth    +++.......             (no amulet)
HPRegen  0.22/turn              u - ring of stealth
MPRegen  0.10/turn              w - +2 ring of intelligence

@: lethally poisoned (-2 -> -23), tree-form (expiring)
A: thin skeletal structure 1, powered by pain 1
a: no special abilities


You were on level 5 of the Dungeon.
You were not hungry.
You were a tree.
You visited 1 branch of the dungeon, and saw 5 of its levels.

You collected 177 gold pieces.

Inventory:

Hand Weapons
 a - a +1 rapier (weapon)
Armour
 c - a +1 shield (worn)
 h - a +0 helmet (melded)
 s - a +0 pair of gloves (melded)
 t - a +1 chain mail of magic resistance (melded)
Jewellery
 u - a ring of stealth (left branch)
 w - a +2 ring of intelligence (right branch)
 z - an uncursed amulet of rage {unknown}
Wands
 y - a wand of iceblast (8)
Scrolls
 e - 2 scrolls of teleportation
 g - a scroll of fog
 m - a scroll of enchant weapon
 o - a scroll of blinking
 r - 9 scrolls of remove curse
 x - a scroll of enchant armour
Potions
 d - a potion of might
 i - a potion of berserk rage
 j - 3 potions of curing
 k - a potion of lignification
 l - 2 potions of heal wounds
 n - a potion of mutation {unknown}
 p - a potion of resistance
 q - a potion of brilliance {unknown}
 v - a potion of invisibility {unknown}
Comestibles
 b - a chunk of flesh
 f - 10 rations


   Skills:
 + Level 4.4 Fighting
 * Level 4.4 Short Blades
 + Level 4.0 Armour
 + Level 0.0 Dodging
 + Level 3.9 Shields


You had 5 spell levels left.
You didn't know any spells.
Your spell library was empty.

Dungeon Overview and Level Annotations

Branches:
Dungeon (5/15)
 Temple: D:4-7

Altars:

Annotations:
D:5 Sigmund


Innate Abilities, Weirdness & Mutations

((You have hoof-like feet.))
You have a somewhat thin skeletal structure. (Dex +2, Stealth)
You sometimes gain a little power by taking damage.


Message History

* * * LOW HITPOINT WARNING * * *
You block the orc's attack.
You hit something but do no damage.
Your transformation is almost over.
* * * LOW HITPOINT WARNING * * *
You feel sick.
The shadow imp hits you but does no damage.
You hear some strange, mumbled words.
A magic dart appears from out of thin air!
The magic dart hits you! You block the orc's attack.
You closely miss something.
* * * LOW HITPOINT WARNING * * *
You feel sick.
The shadow imp hits you but does no damage.
A hungry ghost comes into view.
Something hits you.
* * * LOW HITPOINT WARNING * * *
You are more poisoned.
The orc hits you with a club.
You die...

######### .## #.......#
.. #.......# .#
#.......###.####
#.......##....?
#.......##..#
#......5W...###
#....{♣o#.....#
####.####..##.##.# #
#........# ###.###(####
#.....#.# ### #.#.#.#.#
[##...####.#.#.#.#
......#..........# ###
#........###.#########..


You could see a hungry ghost, a shadow imp and an orc.

Vanquished Creatures
  An ogre (D:4)
  A scorpion (D:4)
  A hound (D:4)
  A bullfrog skeleton (D:4)
  2 orc wizards (D:3)
  Jessica (D:2)
  2 worker ants
  3 gnolls (D:3)
  3 adders
  An ooze (D:1)
  An adder skeleton (D:4)
  A worm (D:2)
  5 dart slugs
  4 leopard geckos
  4 orcs
  3 ball pythons
  8 giant cockroaches
  5 goblins
  13 hobgoblins
  5 jackals
  2 quokkas
  4 bats
  3 frilled lizards
  5 kobolds
  7 rats
86 creatures vanquished.

Notes
Turn   | Place    | Note
-------+----------+-------------------------------------------
     0 | D:1      | PikkenKukken the Demonspawn Fighter began the quest for the
                  | Orb.
     0 | D:1      | Reached XP level 1. HP: 18/18 MP: 1/1
    68 | D:1      | Gained mutation: You have a somewhat thin skeletal
                  | structure. (Dex +2, Stealth) [demonic ancestry]
    68 | D:1      | Reached XP level 2. HP: 23/24 MP: 2/2
   620 | D:1      | Gained mutation: You sometimes gain a little power by
                  | taking damage. [demonic ancestry]
   620 | D:1      | Reached XP level 3. HP: 25/29 MP: 3/3
   990 | D:2      | Noticed Jessica
  1008 | D:2      | Killed Jessica
  1008 | D:2      | Gained mutation: You have large cloven feet. [demonic
                  | ancestry]
  1008 | D:2      | Reached XP level 4. HP: 34/35 MP: 4/4
  1695 | D:3      | Reached XP level 5. HP: 26/42 MP: 5/5
  2310 | D:4      | Gained mutation: You have hoof-like feet. [demonic
                  | ancestry]
  2310 | D:4      | Reached XP level 6. HP: 44/48 MP: 6/6
  3252 | D:5      | Entered Level 5 of the Dungeon
  3407 | D:5      | Noticed Sigmund
  3436 | D:5      | Noticed a hungry ghost
  3436 | D:5      | HP: 1/73 [something (3)]
  3436 | D:5      | Slain by an orc

Vault maps used:
D:1:      saegor_arrival_simple_a, nrook_loot_triangle
D:2:      cheibrodos_old_hovel, uniq_jessica
D:5:      minmay_temple_entry_junction_2, first_ration, uniq_sigmund

Skill      XL: |  1  2  3  4  5  6 |
---------------+-------------------+-----
Short Blades   | 2 3 4 |  4.4
Armour         | 3 4 |  4.0
Shields        | 3 |  3.9
Fighting       | 4 |  4.4

Action                   |  1- 3 |  4- 6 || total
-------------------------+-------+-------++-------
Melee: Rapier            |   102 |   199 ||   301
       Kick              |       |    59 ||    59
  Use: Scroll            |     7 |     5 ||    12
       Potion            |       |     2 ||     2
  Eat: Chunk             |       |     8 ||     8
Armor: Scale mail        |    35 |    24 ||    59
       Chain mail        |       |    66 ||    66
       Skin              |       |    18 ||    18
Dodge: Dodged            |    29 |    33 ||    62
Block: Shield            |    48 |    91 ||   139

Table legend:
 A = Non-vault XP
 B = Vault XP
 C = Vault XP percentage of total XP
 D = Non-vault monster count
 E = Vault monster count
 F = Vault count percentage of total count
                 A         B        C        D         E       F
            +---------+---------+-------+---------+---------+-------
      Total |     658 |      40 |   5.7 |      84 |       2 |   2.3
            +---------+---------+-------+---------+---------+-------
        D:1 |      44 |       0 |   0.0 |      20 |       0 |   0.0
        D:2 |      54 |      40 |  42.6 |      24 |       2 |   7.7
        D:3 |     221 |       0 |   0.0 |      29 |       0 |   0.0
        D:4 |     339 |       0 |   0.0 |      11 |       0 |   0.0
            +---------+---------+-------+---------+---------+-------
